 Dungeon Crawl Stone Soup version 0.30-a0-368-g86fb4627a9 (webtiles) character file.

Game seed: 16069278015484250139

77 Stossel the Shooter (level 4, -11/26 HPs)
             Began as a Deep Elf Hunter on Nov 18, 2022.
             Shot with an arrow by a centaur (12 damage)
             ... on level 3 of the Dungeon.
             The game lasted 00:03:40 (1458 turns).

Stossel the Shooter (Deep Elf Hunter)               Turns: 1458, Time: 00:03:41

Health: -11/26     AC:  4    Str:  8    XL:     4   Next: 14%
Magic:  6/6        EV: 13    Int: 14    God:
Gold:   135        SH:  0    Dex: 20    Spells: 3/3 levels left

rFire   + . .      SeeInvis .    a - +0 shortbow
rCold   . . .      Faith    .    (shield currently unavailable)
rNeg    . . .      Spirit   .    t - +1 leather armour {rF+}
rPois   .          Reflect  .    (no helmet)
rElec   .          Harm     .    (no cloak)
rCorr   .          Rampage  .    (no gloves)
Will    .....                    (no boots)
Stlth   ++........               (no amulet)
HPRegen 0.24/turn                (no ring)
MPRegen 0.10/turn                (no ring)

@: no status effects
A: no striking features
a: no special abilities


You were on level 3 of the Dungeon.
You visited 1 branch of the dungeon, and saw 3 of its levels.

You collected 135 gold pieces.

Inventory:

Hand Weapons
 a - a +0 shortbow (weapon)
 o - a +0 short sword
Missiles
 f - a throwing net
Armour
 t - a +1 leather armour of fire resistance (worn)
Jewellery
 h - a ring of wizardry
 q - a ring of protection from fire
Scrolls
 b - a scroll of immolation
 d - a scroll of summoning {unknown}
 g - a scroll of butterflies {unknown}
 j - a scroll of vulnerability {unknown}
 n - 2 scrolls of magic mapping {unknown}
 p - a scroll of fear {unknown}
 r - a scroll of identify {unknown}
Potions
 e - 2 potions of berserk rage {unknown}
 i - 2 potions of curing {unknown}
 k - 2 potions of degeneration {unknown}
 l - a potion of ambrosia {unknown}
 m - a potion of attraction {unknown}
 s - a potion of haste {unknown}


   Skills:
 - Level 2.0 Fighting
 + Level 6.0 Ranged Weapons
 + Level 3.5 Dodging
 + Level 3.0 Stealth


You had 3 spell levels left.
You didn't know any spells.
Your spell library was empty.

Dungeon Overview and Level Annotations

Branches:
Dungeon (3/15)

Altars:


Message History

You shoot an arrow. The arrow hits the kobold.
You kill the kobold!
Fire: a) +0 shortbow
Press: ? - help, Q - select action, (/) - cycle Shift-Dir - straight line, f - you Really target yourself?
Okay, then.
Found a spear.
A centaur comes into view.
Fire: a) +0 shortbow
Press: ? - help, Q - select action, (/) - cycle Shift-Dir - straight line, f - centaur
Aim: a centaur (asleep, 98% to hit)
You shoot an arrow.
The arrow completely misses the centaur.
The centaur wields a +0 shortbow.
The centaur shoots an arrow.
The arrow closely misses you.
The centaur shoots an arrow.
The arrow barely misses you.
Fire: a) +0 shortbow
Press: ? - help, Q - select action, (/) - cycle Shift-Dir - straight line, f/p - centaur
Aim: a centaur, wielding a +0 shortbow (76% to hit)
You shoot an arrow. The arrow hits the centaur!
The centaur is moderately wounded.
The centaur shoots an arrow.
The arrow hits you!
Ouch! That really hurt!
The centaur shoots an arrow.
The arrow hits you.
Fire: a) +0 shortbow
Press: ? - help, Q - select action, (/) - cycle Shift-Dir - straight line, f/p - centaur
Aim: a centaur, wielding a +0 shortbow (moderately wounded, 76% to hit)
You shoot an arrow. The arrow barely misses the centaur.
The centaur shoots an arrow.
The arrow hits you.
* * * LOW HITPOINT WARNING * * *
You hear a shout!
Fire: a) +0 shortbow
Press: ? - help, Q - select action, (/) - cycle Shift-Dir - straight line, f/p - centaur
Aim: a centaur, wielding a +0 shortbow (moderately wounded, 76% to hit)
You shoot an arrow. The arrow hits the centaur!
The centaur is severely wounded.
The centaur shoots an arrow.
The arrow hits you.
* * * LOW HITPOINT WARNING * * *
The centaur shoots an arrow.
The arrow hits you!
You die...

#.# #..#.# #.#
#..#.# #.#.#
#..#.# #.#.#
#..#.# #.#.#
#.)#.# #.#.#
#..#.# #.#.#
#..#.# #.#.#
#)...# #.#.#
##..@#
###.#.######...#
##..............#
#.........####..#
##.(..............
.#.........####...
.##.#+#......
..#c#
...........>....
.. .........#..##


You could see a centaur.

Vanquished Creatures
  2 adders (D:2)
  2 worms (D:2)
  2 dart slugs (D:2)
  An orc (D:3)
  3 bats
  2 endoplasms (D:1)
  2 giant cockroaches
  4 goblins
  5 hobgoblins
  4 jackals (D:1)
  5 kobolds
  2 quokkas
  4 ball pythons
  3 frilled lizards
  3 rats
44 creatures vanquished.

Notes
Turn   | Place    | Note
-------+----------+-------------------------------------------
     0 | D:1      | Stossel the Deep Elf Hunter began the quest for the Orb.
     0 | D:1      | Reached XP level 1. HP: 12/12 MP: 3/3
   144 | D:1      | Reached XP level 2. HP: 17/17 MP: 4/4
   865 | D:2      | Reached XP level 3. HP: 19/21 MP: 5/5
  1096 | D:2      | Reached XP level 4. HP: 26/26 MP: 6/6
  1099 | D:2      | Reached skill level 6 in Ranged Weapons
  1454 | D:3      | Noticed a centaur
  1458 | D:3      | HP: 1/26 [centaur/arrow (3)]
  1458 | D:3      | Shot with an arrow by a centaur

Illustrated notes

Levels and vault maps discovered:
D:1:      dpeg_arrival_shrine, layout_basic, serial_glass, glass_columns_b,
          glass_columns_a, due_unseen_surprise, item_on_display_a,
          feat_on_display
D:2:      layout_rooms
D:3:      layout_basic, gammafunk_temple_overflow_forgotten,
          supply_closet_lemuel

Skill      XL: |  1  2  3  4 |
---------------+-------------+-----
Stealth        | 2 3 |  3.0
Fighting       | 2 |  2.0
Dodging        | 3 |  3.5
Ranged Weapons | 6 |  6.0

Action                   |  1- 3 |  4- 6 || total
-------------------------+-------+-------++-------
 Fire: Shortbow          |   101 |    19 ||   120
Armor: Leather armour    |    14 |       ||    14
Dodge: Dodged            |    44 |     4 ||    48

Table legend: (Time is in decaauts)
 A = Elapsed time spent in this place.
 B = Non-inter-level travel time spent in this place.
 C = Inter-level travel time spent in this place.
 D = Time resting spent in this place.
 E = Time spent auto-exploring this place.
 F = Levels seen in this place.
 G = Mean time per level.
                   A        B        C        D        E       F      G
               +--------+--------+--------+--------+--------+-----+--------+
         Total |   1489 |   1426 |     63 |     14 |   1089 |   3 |  496.3 |
       Dungeon |   1489 |   1426 |     63 |     14 |   1089 |   3 |  496.3 |
               +--------+--------+--------+--------+--------+-----+--------+

Top non-repeatable levels by time:
     D:1: 870 daAuts
     D:2: 541 daAuts
     D:3: 77 daAuts
